 Dungeon Crawl Stone Soup version 0.16-a0-3602-g9bd3662 (webtiles) character file.

219 stonewall the Skirmisher (level 5, -3/43 HPs)
             Began as a Mummy Arcane Marksman on Jan 12, 2015.
             Killed from afar by an orc wizard (6 damage)
             ... with a puff of flame
             ... on level 3 of the Dungeon.
             The game lasted 00:05:42 (3421 turns).

stonewall the Skirmisher (Mummy Arcane Marksman)    Turns: 3421, Time: 00:05:43

Health: -3/43      AC: 11    Str: 15    XL:     5   Next: 64%
Magic:  7/7        EV: 10    Int: 12    God:
Gold:   164        SH:  0    Dex: 11    Spells: 1 memorised, 5 levels left

rFire  x . .     SeeInvis .     p - +2 quarterstaff (chaos)
rCold  + . .     Clarity  .     h - +0 ring mail (curse)
rNeg   + + +     SustAb   .     (no shield)
rPois  ∞         Gourm    .     (no helmet)
rElec  .         Spirit   .     q - +0 cloak
rCorr  .         Warding  .     (no gloves)
rMut   .         Stasis   .     (no boots)
MR     .....                    (no amulet)
Stlth  ++........               m - ring of stealth
                                e - +5 ring of protection

@: not resistant to hostile enchantments, unstealthy
A: no food or potions, fire vulnerability, restore body, cold resistance 1,
negative energy resistance 3, poison resistance, torment resistance, unbreathing
a: no special abilities


You were on level 3 of the Dungeon.
You were not hungry.

You visited 1 branch of the dungeon, and saw 3 of its levels.

You collected 164 gold pieces.

Inventory:

Hand weapons
 b - a +0 hunting sling
 o - a cursed -3 mace
 p - a +2 quarterstaff of chaos (weapon)
Missiles
 c - 26 sling bullets
 f - 88 stones (quivered)
Armour
 a - a +0 robe
 h - a cursed +0 ring mail (worn)
 q - a +0 cloak (worn)
Jewellery
 e - a +5 ring of protection (left hand)
 g - an uncursed ring of sustain abilities
 i - an uncursed ring of wizardry {unknown}
 m - a ring of stealth (right hand)
Magical devices
 r - a wand of confusion (16)
Scrolls
 j - a scroll of immolation {unknown}
 n - a scroll of teleportation {unknown}
 s - a scroll of identify
Books
 d - a book of Debilitation

   Spells                             Type                      Level
   a - Corona                         Hexes                        1
   b - Slow                           Hexes                        2
   c - Inner Flame                    Hexes/Fire                   3
   d - Enslavement                    Hexes                        4
   e - Cause Fear                     Hexes                        4
   f - Leda's Liquefaction            Hexes/Earth                  4


   Skills:
 - Level 4.9 Fighting
 + Level 2.0 Staves
 - Level 1.5 Slings
 - Level 1.5 Dodging
 - Level 1.0 Spellcasting
 - Level 2.6 Hexes


You had 5 spell levels left.
You knew the following spells:

 Your Spells              Type           Power        Failure   Level  Hunger
a - Corona                Hex            #......      17%         1    N/A

Dungeon Overview and Level Annotations

Branches:
Dungeon (3/15)

Altars:
Ashenzari
The Shining One


Innate Abilities, Weirdness & Mutations

You do not eat or drink.
Your flesh is vulnerable to fire.
Your flesh is cold resistant.
You are immune to negative energy.
Your system is resistant to poisons.
You are immune to unholy pain and torment.
You can survive without breathing.


Message History

The scroll dissolves into smoke.
It was a scroll of fog.
Read which item? (? for menu, Esc to quit)
As you read the scroll labeled ATUHUJUPNO, it crumbles to dust.
It is a scroll of enchant armour.
Enchant which item? (? for menu, Esc to quit)
Really abort (and waste the scroll)? [Y]es or [N]o only, please.
Really abort (and waste the scroll)? [Y]es or [N]o only, please.
Really abort (and waste the scroll)? [Y]es or [N]o only, please.
Really abort (and waste the scroll)? [Y]es or [N]o only, please.
Really abort (and waste the scroll)?
Okay, then.
The orc wizard mumbles some strange words.
The orc wizard blinks!
The orc wizard casts a spell at you. The puff of flame hits you!
The fire burns you terribly!
You die...

..........##.....## ###.###
!.........##......### ##8...8###
...<......###....)..###........##
..#.........####.........†.......
##.......#### #..#..............
##.....)..<# ####.###.#....#.##
........#..# ### ##########
....#'#.#..######################
...........%..§§@§§.............>
.#.##.#.####.#§###o#.###.....###.
.#.##.#)...#.#.......###.....###.
.............................'...
.#.##........................###.
.#.#######...#####.#.........# #.
.#.................#.........# #%
.###################.###.....# #.
.....................# ####### #.


You could see an orc wizard.

Vanquished Creatures
  Crazy Yiuf (D:3)
  Jessica (D:3)
  6 adders
  A giant mite (D:2)
  A worm (D:2)
  2 giant geckos
  An ooze (D:3)
  10 orcs (D:3)
  A ball python (D:2)
  2 giant cockroaches
  11 hobgoblins
  6 jackals (D:1)
  11 kobolds
  2 quokkas (D:3)
  12 bats
  7 giant newts
  6 goblins
  12 rats
93 creatures vanquished.

Notes
Turn   | Place    | Note
--------------------------------------------------------------
     0 | D:1      | stonewall, the Mummy Arcane Marksman, began the quest for the Orb.
     0 | D:1      | Reached XP level 1. HP: 15/15 MP: 2/2
   275 | D:1      | Reached XP level 2. HP: 22/22 MP: 3/3
   852 | D:1      | Found a shattered altar of Ashenzari.
   967 | D:1      | Reached skill level 3 in Fighting
   967 | D:1      | Reached XP level 3. HP: 27/29 MP: 4/4
  1974 | D:2      | Reached skill level 4 in Fighting
  1974 | D:2      | Reached XP level 4. HP: 33/37 MP: 5/5
  2527 | D:3      | Noticed Crazy Yiuf
  2554 | D:3      | Killed Crazy Yiuf
  2554 | D:3      | Reached XP level 5. HP: 15/43 MP: 7/7
  2791 | D:3      | Found a glowing golden altar of the Shining One.
  2805 | D:3      | Noticed Jessica
  2841 | D:3      | Killed Jessica
  2841 | D:3      | Reached skill level 1 in Staves
  3419 | D:3      | HP: 2/43 [orc wizard/magic dart (3)]
  3421 | D:3      | Killed from afar by an orc wizard

Action                   |  1- 3 |  4- 6 || total
-------------------------+-------+-------++-------
Melee: Quarterstaff      |       |    67 ||    67
 Fire: Hunting sling     |   173 |   117 ||   290
  Use: Scroll            |     2 |     2 ||     4
 Stab: Confused          |       |     1 ||     1
       Sleeping          |       |     1 ||     1
